 Dungeon Crawl Stone Soup version 0.31.0-32-g396128a36d (webtiles) character file.

Game seed: 10283135977488491897

290 BuckRogers the Slasher (level 6, 0/84 HPs)
             Began as a Minotaur Berserker on Apr 3, 2024.
             Was a Believer of Trog.
             Slain by a quasit (2 damage)
             ... while paralysed
             ... on level 3 of the Dungeon.
             The game lasted 00:21:28 (1660 turns).

BuckRogers the Slasher (Minotaur Berserker)         Turns: 1660, Time: 00:21:30

Health: 0/84       AC:  3    Str: 23      XL:     6   Next: 9%
Magic:  5/5        EV:  2    Int:  4      God:    Trog [**....]
Gold:   118        SH:  0    Dex:  2 (10) Spells: 5/5 levels left

rFire   + . .        m - +10 dagger of the Well-Known Stars {pain, rN+ SInv}
rCold   . . .        (no shield)
rNeg    + . .        l - +0 leather armour
rPois   .            (helmet restricted)
rElec   .            (no cloak)
rCorr   .            (no gloves)
SInv    +            (no boots)
Will    .....        (no amulet) Stlth
                     k - ring of protection from fire
HPRegen 0.34/turn    (no ring)
MPRegen 0.09/turn

%: no passive effects
@: paralysed, berserking (expiring), slowed, lost dexterity
A: horns 2, retaliatory headbutt
a: Renounce Religion, Berserk, Trog's Hand


You were on level 3 of the Dungeon.
You worshipped Trog.
Trog was pleased with you.
You visited 1 branch of the dungeon, and saw 3 of its levels.

You collected 118 gold pieces.

Inventory:

Hand Weapons
 a - a +0 falchion
 h - a +0 mace
 m - the +10 dagger of the Well-Known Stars (weapon) {pain, rN+ SInv}
   (You found it on level 2 of the Dungeon)

   rN+:       It protects you from negative energy.
   SInv:      It lets you see invisible.
 r - a +0 long sword
Missiles
 d - 12 poisoned darts (quivered)
 f - 22 stones
Armour
 b - a +0 animal skin
 l - a +0 leather armour (worn)
 q - a +0 chain mail
Jewellery
 k - a ring of protection from fire (left hand)
Talismans
 c - a beast talisman
Scrolls
 j - a scroll of identify
 n - 2 scrolls of vulnerability {unknown}
 o - a scroll of revelation {unknown}
 p - a scroll of torment {unknown}
Potions
 e - a potion of attraction {unknown}
 g - 2 potions of brilliance {unknown}
 i - 2 potions of degeneration {unknown}


   Skills:
 + Level 5.2 Fighting
 + Level 0.9(3.3) Short Blades
 + Level 5.7 Long Blades
 + Level 3.5 Armour
 + Level 3.7 Dodging
 + Level 0.2 Stealth


You had 5 spell levels left.
You didn't know any spells.
Your spell library contained the following spells:

 Spells                   Type           Power      Damage    Failure   Level
 Freeze                   Ice            0%         1d3       54%         1
 Cigotuvi's Dreadful Rot  Necr/Alch/Air  0%         N/A       69%         2
 Call Canine Familiar     Summ           0%         N/A       89%         3
 Frozen Ramparts          Ice            0%         1d1       89%         3
 Hailstorm                Conj/Ice       0%         3d5       89%         3
 Sigil of Binding         Hex            0%         N/A       89%         3
 Dimensional Bullseye     Hex/Tloc       0%         N/A       100%        4
 Dispel Undead            Necr           0%         3d6       100%        4
 Martyr's Knell           Necr/Summ      0%         N/A       100%        4
 Death Channel            Necr           0%         N/A       100%        6


Dungeon Overview and Level Annotations

Branches:
Dungeon (3/15)

Altars:
Elyvilon
Sif Muna

Annotations:
D:3 1 transporter


Innate Abilities, Weirdness & Mutations

You have a pair of horns on your head.
You reflexively headbutt those who attack you in melee.


Message History

You feel clumsy.
You have lost your dexterity.
The quasit claws you but does no damage. x2
You feel your dexterity returning.
You have reached level 6!
The quasit barely misses you. The quasit claws you.
* * * LOW HITPOINT WARNING * * *
The quasit claws you but does no damage.
The quasit bites you.
* * * LOW HITPOINT WARNING * * *
You feel clumsy.
The quasit claws you but does no damage.
The quasit claws you.
* * * LOW HITPOINT WARNING * * *
The quasit bites you but does no damage.
The quasit claws you but does no damage.
The quasit claws you.
* * * LOW HITPOINT WARNING * * *
The quasit bites you.
* * * LOW HITPOINT WARNING * * *
The quasit barely misses you.
The quasit claws you but does no damage.
The quasit barely misses you.
The quasit claws you but does no damage. x2
The quasit bites you.
* * * LOW HITPOINT WARNING * * *
The quasit claws you but does no damage.
The quasit claws you.
* * * LOW HITPOINT WARNING * * *
The quasit bites you.
* * * LOW HITPOINT WARNING * * *
The quasit claws you but does no damage.
The quasit claws you.
* * * LOW HITPOINT WARNING * * *
The quasit bites you.
* * * LOW HITPOINT WARNING * * *
The quasit claws you but does no damage.
The quasit claws you.
* * * LOW HITPOINT WARNING * * *
The quasit bites you.
You die...

.P♣♣♣..~~.......................
.....P~~.....#####...........#
♣♣.♣♣P.....###5..###.........#
♣♣P..♣♣.P..##......©#...†))..##
.♣P....♣.♣..#..#W#...#.###)#..##
P..._...P♣..#..#.#...#.. #.##..##
.♣....P♣.♣..##.....#.##.##.##....
♣♣P.P♣♣..#..#..#...#.#.##.......
♣♣.♣♣PP...©#?5@5# #..#..#.###
.P..P~~...#$#.....##..........
P♣♣♣..~~..##.#...#.#©..........
.....)...#.# .#.##..##..........
.. #.....##.# ... )..#.......†..
$........# ..#. ..##..........
....b(##.. .... ##...........
...... ##.##.### .#........< ...
.. ##.###.##.


You could see 2 quasits.

Vanquished Creatures
  The ghost of diceflayer the Chopper, an amateur MiFi (D:3)
  A quasit (D:3)
  Natasha (twice) (D:2)
  2 orc wizards (D:3)
  An adder (D:3)
  A ribbon worm (D:2)
  An adder simulacrum (D:2)
  3 orcs (D:3)
  4 ball pythons
  4 endoplasms
  4 giant cockroaches
  2 goblins
  4 hobgoblins
  10 jackals
  A quokka (D:3)
  A ball python simulacrum (D:2)
  2 ball python skeletons (D:2)
  2 bats (D:1)
  3 frilled lizards
  A giant cockroach zombie (D:2)
  4 kobolds
  4 rats
  A spectral quokka (D:2)
59 creatures vanquished.

Notes
Turn   | Place    | Note
-------+----------+-------------------------------------------
     0 | D:1      | BuckRogers the Minotaur Berserker began the quest for the
                  | Orb.
     0 | D:1      | Reached XP level 1. HP: 19/19 MP: 0/0
   300 | D:1      | Reached XP level 2. HP: 18/27 MP: 1/1
   540 | D:1      | Found a faded altar of an unknown god.
   559 | D:1      | You fall into a shaft and drop 1 floor!
   585 | D:2      | Found a shimmering blue altar of Sif Muna.
   699 | D:2      | Reached XP level 3. HP: 23/33 MP: 2/2
   811 | D:2      | Reached ** piety under Trog
   816 | D:2      | Noticed Natasha
   847 | D:2      | Killed Natasha
   934 | D:2      | Reached XP level 4. HP: 38/41 MP: 3/3
   966 | D:2      | Identified the +10 dagger of the Well-Known Stars {pain,
                  | rN+ SInv}
  1039 | D:2      | Noticed Natasha
  1048 | D:2      | Killed Natasha
  1590 | D:3      | Reached skill level 5 in Long Blades
  1590 | D:3      | Found a transporter.
  1593 | D:3      | Reached XP level 5. HP: 47/47 MP: 4/4
  1605 | D:3      | Noticed diceflayer's ghost (amateur MiFi)
  1617 | D:3      | Found a transporter.
  1622 | D:3      | Found a white marble altar of Elyvilon.
  1651 | D:3      | Reached skill level 5 in Fighting
  1656 | D:3      | Killed diceflayer's ghost
  1656 | D:3      | Lost dexterity.
  1657 | D:3      | Reached XP level 6. HP: 15/56 MP: 5/5
  1659 | D:3      | HP: 4/84 [quasit (1)]
  1660 | D:3      | Slain by a quasit

Illustrated notes

Levels and vault maps discovered:
D:1:      dpeg_arrival_erosion, layout_basic,
          hellmonk_ecumenical_altar_slurped_away
D:2:      layout_rooms, basic_altar, dreamdust_wishing_well,
          nicolae_hexahallways, dilly_guarded_unrand_morg
D:3:      layout_rooms, nicolae_elyvilon_peaceful_grove,
          mainiacjoe_overflow_cross_hatched, gammafunk_ghost_stat_death,
          minmay_surrounded

Skill      XL: |  1  2  3  4  5 |
---------------+----------------+-----
Fighting       | 4 5 |  5.2
Long Blades    | 4 5 |  5.7
Armour         | 3 |  3.5
Dodging        | 3 |  3.7
Short Blades   | |  0.9
Stealth        | |  0.2

Action                     |  1- 3 |  4- 6 || total
---------------------------+-------+-------++-------
  Melee: Falchion          |    76 |     8 ||    84
         Headbutt          |    14 |     2 ||    16
         Dagger            |       |    40 ||    40
 Invoke: Berserk           |     1 |     2 ||     3
         Trog's Hand       |     1 |       ||     1
    Use: Scroll            |     2 |       ||     2
 Armour: Animal skin       |    40 |       ||    40
         Leather armour    |    23 |    76 ||    99
         Skin              |     1 |       ||     1
  Dodge: Dodged            |    53 |    58 ||   111
